 Dungeon Crawl Stone Soup version 0.21-a0-184-g9126a74 (webtiles) character file.

158 suicidejoker the Grave Robber (level 5, -1/27 HPs)
             Began as an Octopode Necromancer on Aug 11, 2017.
             Slain by a worker ant (7 damage)
             ... on level 5 of the Dungeon.
             The game lasted 00:14:23 (2706 turns).

suicidejoker the Grave Robber (OpNe)                Turns: 2706, Time: 00:14:24

Health: -1/27      AC:  1    Str:  8    XL:     5   Next: 40%
Magic:  10/10      EV: 16    Int: 18    God:
Gold:   12         SH:  0    Dex: 12    Spells: 2/10 levels left

rFire    + . .     SeeInvis .   g - +0 dagger
rCold    . . .     Gourm    .   (no shield)
rNeg     . . .     Faith    .   (helmet restricted)
rPois    .         Spirit   .   (no amulet)
rElec    .         Reflect  .   h - ring of teleportation (curse)
rCorr    .         Harm     .   q - +3 ring of evasion
MR       .....     Rnd*Tele +   (no ring)
Stlth    +++.......             (no ring)
HPRegen  0.09/turn              (no ring)
MPRegen  0.12/turn              (no ring)
                                (no ring)
                                (no ring)

@: lethally poisoned (-1 -> -3)
A: almost no armour, stealthy swim, amphibious, 8 rings, constrict 8, beak,
tentacle spike 1, camouflage 1, fire resistance 1, frail 1, gelatinous body 1
a: no special abilities


You were on level 5 of the Dungeon.
You were near starving.

You visited 1 branch of the dungeon, and saw 4 of its levels.

You collected 108 gold pieces.
You spent 96 gold pieces at shops.

Inventory:

Hand Weapons
 g - a +0 dagger (weapon)
 k - a +1 hunting sling of flaming
 t - a +0 mace of crushing
Armour
 s - a scarf of resistance
Jewellery
 h - a cursed ring of teleportation (left tentacle)
 q - a +3 ring of evasion (right tentacle)
Wands
 c - a wand of confusion (23/48)
Scrolls
 i - 2 scrolls of magic mapping
 j - 2 scrolls of immolation
 m - a scroll of identify
 v - a scroll of recharging {unknown}
 w - a scroll of teleportation {unknown}
Potions
 d - a potion of berserk rage {unknown}
 e - a potion of resistance {unknown}
 o - 2 potions of flight {unknown}
 r - a potion of curing {unknown}
 u - a potion of brilliance {unknown}
Books
 a - a book of Necromancy

   Spells                             Type                      Level
   a - Pain                           Necromancy                   1
   b - Animate Skeleton               Necromancy                   1
   c - Vampiric Draining              Necromancy                   3
   d - Regeneration                   Charms/Necromancy            3
   e - Animate Dead                   Necromancy                   4
   f - Control Undead                 Necromancy                   4
Comestibles
 b - 4 bread rations
 f - a royal jelly
 l - 7 fruits
 n - 5 meat rations


   Skills:
 + Level 2.4 Dodging
 + Level 4.0 Stealth
 * Level 3.4 Spellcasting
 * Level 5.0 Necromancy


You had 2 spell levels left.
You knew the following spells:

 Your Spells              Type           Power        Failure   Level  Hunger
a - Pain                  Necr           ###.         1%          1    None
b - Animate Skeleton      Necr           N/A          1%          1    None
c - Vampiric Draining     Necr           ###.......   6%          3    ###....
d - Regeneration          Chrm/Necr      ##........   17%         3    ###....


Dungeon Overview and Level Annotations

Branches:
Dungeon (3/15)

Altars:
Uskayaw
The Shining One

Shops:
D:5 !


Innate Abilities, Weirdness & Mutations

You cannot wear most types of armour.
You are very stealthy in the water. (Stealth+)
You are amphibious.
You can wear up to eight rings at the same time.
You can use your tentacles to constrict eight enemies at once.
Your skin changes colour to match your surroundings (Stealth+).
Your rubbery body absorbs attacks. (AC +1, EV +1)
You have a beak for a mouth.
One of your tentacles bears a spike.
Your flesh is heat resistant. (rF+)
You are frail. (-10% HP)


Message History

The crimson imp misses you. The crimson imp closely misses you.
The crimson imp blinks!
The worker ant bites you.
You are poisoned.
The worker ant poisons you!
You feel sick.
The crimson imp blinks!
You feel sick. The worker ant bites you.
* * * LOW HITPOINT WARNING * * *
There is a fountain of clear blue water here.
You feel sick.
A jackal comes into view.
The crimson imp blinks!
A jackal comes into view.
You feel sick.
The worker ant bites you but does no damage.
The ice beast barely misses you. The worker ant bites you!
You die...

..h ..## #h..
## #..## #.
..o. #. #..#
.# #. #..# .#
#.##..#[.# ###
#.@a..#..# ..#
#..Y..<..# (.#
#.#..#...# ..#
#..⌠.⌠...# ..#
##..∩....# ..+
#..⌠.⌠...# ..#
#.[###...# ..#
###..# .....#
..# #
#....#####.###


You could see an ice beast and a worker ant.

Vanquished Creatures
  A crimson imp (D:5)
  Ijyb (D:5)
  A worker ant (D:5)
  A gnoll (D:2)
  An adder (D:2)
  4 worms
  A leopard gecko (D:1)
  An orc (D:3)
  3 giant cockroaches
  5 goblins
  4 hobgoblins
  4 jackals (D:2)
  2 quokkas (D:2)
  A ball python (D:2)
  4 bats
  A frilled lizard (D:2)
  2 kobolds (D:1)
  6 rats
43 creatures vanquished.

Vanquished Creatures (collateral kills)
  A bat (D:1)
  3 goblins
  A hobgoblin (D:2)
  A kobold (D:1)
  A rat (D:2)
7 creatures vanquished.

Grand Total: 50 creatures vanquished

Notes
Turn   | Place    | Note
-------+----------+-------------------------------------------
     0 | D:1      | suicidejoker the Octopode Necromancer began the quest for the Orb.
     0 | D:1      | Reached XP level 1. HP: 11/11 MP: 3/3
    10 | D:1      | Learned a level 1 spell: Animate Skeleton
   380 | D:1      | Reached XP level 2. HP: 5/17 MP: 5/5
  1160 | D:2      | Reached XP level 3. HP: 15/21 MP: 6/6
  1165 | D:2      | Learned a level 3 spell: Vampiric Draining
  1898 | D:2      | Found a hide-covered altar of Uskayaw.
  2020 | D:2      | Reached XP level 4. HP: 24/27 MP: 1/8
  2379 | D:3      | Learned a level 3 spell: Regeneration
  2567 | D:3      | Found a glowing golden altar of the Shining One.
  2580 | D:3      | You fall through a shaft for 2 floors!
  2580 | D:5      | Entered Level 5 of the Dungeon
  2600 | D:5      | Reached XP level 5. HP: 6/31 MP: 8/10
  2668 | D:5      | Found Nebiunax's Distillery.
  2669 | D:5      | Noticed Ijyb
  2676 | D:5      | Killed Ijyb
  2676 | D:5      | Reached skill level 5 in Necromancy
  2681 | D:5      | Bought a potion of mutation for 96 gold pieces
  2681 | D:5      | Gained mutation: You have a beak for a mouth. [potion of mutation]
  2681 | D:5      | Gained mutation: Your natural rate of healing is unusually fast. [potion of mutation]
  2681 | D:5      | Gained mutation: Your flesh is heat resistant. (rF+) [potion of mutation]
  2682 | D:5      | Lost mutation: Your flesh is heat resistant. (rF+) [potion of mutation]
  2682 | D:5      | Lost mutation: Your natural rate of healing is unusually fast. [potion of mutation]
  2682 | D:5      | Gained mutation: One of your tentacles bears a spike. [potion of mutation]
  2682 | D:5      | Gained mutation: You are frail. (-10% HP) [potion of mutation]
  2682 | D:5      | Gained mutation: Your flesh is heat resistant. (rF+) [potion of mutation]
  2689 | D:5      | Noticed an ice beast
  2706 | D:5      | Slain by a worker ant

Vault maps used:
D:1:      wheals_arrival_shading, corexii_corridor_pit, item_on_display_a
D:2:      eat_drink_and_be_merry_uskayaw, first_bread
D:3:      tso_metal_star, doesnt_xom_only_xom
D:5:      grunt_temple_overflow_order_and_chaos_2, serial_shops, shop_fountains,
          nicolae_qazlal_general_emergency, uniq_sigmund, uniq_grinder,
          uniq_blork_the_orc, uniq_ijyb

Skill      XL: |  1  2  3  4  5 |
---------------+----------------+-----
Stealth        | 3 4 |  4.0
Spellcasting   | 3 |  3.4
Necromancy     | 5 |  5.0
Dodging        | |  2.4

Action                   |  1- 3 |  4- 6 || total
-------------------------+-------+-------++-------
Melee: Dagger            |    67 |    37 ||   104
       Unarmed           |     8 |       ||     8
       Constrict         |    20 |     7 ||    27
       Tentacles         |    14 |     6 ||    20
 Cast: Animate Skeleton  |    14 |     1 ||    15
       Pain              |    11 |     9 ||    20
  Use: Scroll            |       |     3 ||     3
       Potion            |       |     3 ||     3
 Stab: Sleeping          |    11 |     4 ||    15
  Eat: Chunk             |     4 |       ||     4
Armor: Skin              |    10 |     2 ||    12
Dodge: Dodged            |    56 |    27 ||    83
